[Event "44th Chess Olympiad Women 2022"]
[Site "Chennai"]
[Date "2022.08.07"]
[Round "9.25"]
[White "Rozman, Monika"]
[Black "Palacios, Celina"]
[Result "1-0"]
[WhiteElo "2104"]
[BlackElo "1715"]
[Annotator "NA"]
[PlyCount "75"]
[EventDate "2022.??.??"]
[TimeControl "60"]

1. e4 g6 2. d4 Bg7 3. Nc3 d6 4. Be3 c6 5. Qd2 Nf6 6. Bh6 O-O 7. f3 b5 8.
O-O-O Qa5 9. h4 b4 10. Nb1 Bxh6 11. Qxh6 Qh5 12. Qd2 Qa5 13. h5 Be6 14. Qh6 Nbd7 15. Bd3 Rfd8 16. Nh3 Qxh5 17. Qf4 Qa5 18. Ng5 Nf8 19. e5 dxe5 20. dxe5 Nh5 21. Qh2 Qc5 22. Nxe6 fxe6 23. g4 Ng7 24. Rhe1 a5 25. Be4 a4 26. Rd2 b3 27. axb3 axb3 28. c3 Rxd2 29. Qxd2 Ra7 30. Qd4 Ra5 31. Qxc5 Rxc5 32. Nd2 Rxe5 33. Nxb3 g5 34. Bxh7+ Kxh7 35. Rxe5 Nd7 36. Ra5 Kg6 37. Nd2 Nf6 38. Rc5 1-0

[Event "44th Chess Olympiad Women 2022"]
[Site "Chennai"]
[Date "2022.08.07"]
[Round "9.25"]
[White "Urh, Zala"]
[Black "Garcia, Angie"]
[Result "1-0"]
[WhiteElo "2321"]
[BlackElo "1894"]
[Annotator "RC"]
[PlyCount "49"]
[EventDate "2022.??.??"]
[TimeControl "60"]

1. d4 Nf6 2. c4 g6 3. Nc3 Bg7 4. e4 d6 5. Be2 O-O 6. Be3 Nbd7 7. Qc2 c5 8. d5 Ne5 9. h3 Qa5 10. f4 Nxe4 11. fxe5 Ng3 12. Rh2 Bxe5 13. Nf3 Nxe2 14. Kxe2 Bxh2 15. Nxh2 e5 16. Bh6 Re8 17. Ne4 Bf5 18. Nf6+ Kh8 19. Qd2 Qxd2+ 20. Kxd2 Re7 21. g4 Bc8 22. Nf1 b5 23. Ng3 Rb7 24. Rg1 bxc4 25. Ngh5 1-0

[Event "44th Chess Olympiad Women 2022"]
[Site "Chennai"]
[Date "2022.08.07"]
[Round "9.25"]
[White "Zavala Galindo, Alejandra Beatriz"]
[Black "Janzelj, Lara"]
[Result "0-1"]
[WhiteElo "1748"]
[BlackElo "2215"]
[Annotator "RC"]
[PlyCount "74"]
[EventDate "2022.??.??"]
[TimeControl "60"]

1. e4 d6 2. d4 Nf6 3. Nc3 e5 4. Bc4 Nbd7 5. Nf3 Be7 6. O-O O-O 7. Bg5 c6 8. a4 Qc7 9. Nh4 Nb6 10. Ba2 h6 11. Be3 Nxe4 12. Nxe4 Bxh4 13. dxe5 dxe5 14. Qh5 Bd8 15. Bxh6 Nd5 16. Bg5 Bxg5 17. Nxg5 Bf5 18. Bb3 Bg6 19. Qf3 Qe7 20. h4 Rad8 21. Rfe1 Nf6 22. Qc3 Rfe8 23. Rad1 Rd7 24. Rxd7 Qxd7 25. Nf3 Ne4 26. Qe3 b6 27. h5 Bh7 28. h6 Qf5 29. hxg7 Nc5 30. Ng5 Nxb3 31. cxb3 Bg6 32. f4 f6 33. Nh3 exf4 34. Qc3 Rxe1+ 35. Qxe1 Kxg7 36. Qe7+ Bf7 37. Qxa7 f3 0-1

[Event "44th Chess Olympiad Women 2022"]
[Site "Chennai"]
[Date "2022.08.07"]
[Round "9.26"]
[White "Argote Heredia, Valentina"]
[Black "Petrenko, Svetlana"]
[Result "1-0"]
[WhiteElo "2205"]
[BlackElo "2029"]
[Annotator "RC"]
[PlyCount "91"]
[EventDate "2022.??.??"]
[TimeControl "60"]

1. e4 c5 2. Nf3 e6 3. d4 cxd4 4. Nxd4 a6 5. c4 Qc7 6. a3 Nc6 7. Nc3 Nf6 8.
Be3 b6 9. Rc1 Nxd4 10. Bxd4 Bd6 11. g3 Bb7 12. Bg2 Be5 13. O-O d6 14. Na4 Nd7 15. b4 O-O 16. Bxe5 dxe5 17. c5 b5 18. Nc3 Rfd8 19. Qh5 Nf6 20. Qg5 h6 21. Qe3 Rd4 22. Ne2 Rd7 23. Rfd1 Rxd1+ 24. Rxd1 Rd8 25. Re1 Ng4 26. Qc3 Nf6 27. Nc1 Rd4 28. Nb3 Nxe4 29. Qb2 Rc4 30. Na5 Rd4 31. c6 Rd2 32. Qc1 Qb6 33. Qxd2 Nxd2 34. cxb7 Qc7 35. Rd1 Nc4 36. Nxc4 bxc4 37. Rc1 Kh7 38. Rxc4 Qxc4 39. b8=Q Qc1+ 40. Bf1 Qxa3 41. Qb6 e4 42. Bxa6 e5 43. Bf1 Qa1 44. b5 Qb1 45. Qc7 f6 46. b6 1-0

[Event "44th Chess Olympiad Women 2022"]
[Site "Chennai"]
[Date "2022.08.07"]
[Round "9.26"]
[White "Castrillon Gomez, Melissa"]
[Black "Verbin, Valentina"]
[Result "1-0"]
[WhiteElo "2230"]
[BlackElo "2069"]
[Annotator "RC"]
[PlyCount "117"]
[EventDate "2022.??.??"]
[TimeControl "60"]

1. d4 Nf6 2. c4 e6 3. g3 d5 4. Bg2 Bb4+ 5. Bd2 Be7 6. Nf3 O-O 7. O-O Nbd7 8.
Bf4 c6 9. Nc3 b6 10. Rc1 Ba6 11. cxd5 cxd5 12. Qa4 Bb7 13. Nb5 a6 14. Nd6 Bxd6 15. Bxd6 Re8 16. Rc7 Nb8 17. Be5 Bc8 18. Qc2 Bd7 19. Ng5 h6 20. Bxf6 Qxf6 21. Qh7+ Kf8 22. Ne4 Qg6 23. Qxg6 fxg6 24. Nd6 Rd8 25. Rfc1 a5 26. e4 Na6 27. Rb7 Ke7 28. exd5 exd5 29. Rxb6 Rdb8 30. Re1+ Kf8 31. Nb7 Nb4 32. Nc5 Bf5 33. Rxb8+ Rxb8 34. Re5 Re8 35. a3 Nc2 36. Rxe8+ Kxe8 37. Bxd5 Nxd4 38. f4 Ke7 39. Bc4 Nf3+ 40. Kf2 Nd2 41. Be2 Ne4+ 42. Nxe4 Bxe4 43. Ke3 Bb7 44. Kd4 Kd6 45. Bd3 g5 46. fxg5 hxg5 47. b4 axb4 48. axb4 Bc8 49. b5 Bb7 50. Be4 Bc8 51. b6 Ba6 52. b7 Kc7 53. Ke5 Be2 54. Kf5 g4 55.
Kg5 Bf3 56. Bf5 Bxb7 57. Bxg4 Be4 58. Bf5 Bd5 59. Kg6 1-0

[Event "44th Chess Olympiad Women 2022"]
[Site "Chennai"]
[Date "2022.08.07"]
[Round "9.26"]
[White "Gitu, Paula-Alexandra"]
[Black "Chirivi C, Jenny Astrid"]
[Result "1/2-1/2"]
[WhiteElo "2109"]
[BlackElo "2157"]
[Annotator "RC"]
[PlyCount "99"]
[EventDate "2022.??.??"]
[TimeControl "60"]

1. e4 c5 2. Nf3 e6 3. g3 d5 4. exd5 Qxd5 5. Nc3 Qd8 6. d4 Nf6 7. Bg2 Be7 8. Bg5 cxd4 9. Nxd4 O-O 10. O-O e5 11. Ndb5 Nc6 12. Qxd8 Rxd8 13. Rfe1 h6 14. Bxf6 Bxf6 15. Nd5 Bf5 16. c3 Rd7 17. Rad1 Rad8 18. h3 Kf8 19. g4 Bg6 20. Ne3 Bd3 21. Na3 e4 22. Nf5 Ne5 23. Ng3 Nf3+ 24. Bxf3 exf3 25. Re3 Be7 26. Rxf3 Bxa3 27. bxa3 Bc4 28. Rxd7 Rxd7 29. Rf4 Rd1+ 30. Kh2 Bxa2 31. Rd4 Rxd4 32. cxd4 g6 33. Kg2 Bd5+ 34. f3 Ke7 35. Kf2 b5 36. Ke3 a5 37. Ne2 Bc4 38. Nc3 b4 39. axb4 axb4 40. Nd1 Ke6 41. Ke4 Bd5+ 42. Ke3 g5 43. f4 Bg2 44. fxg5 hxg5 45. Kd3 Bf1+ 46. Kc2 Bxh3 47. Ne3 f5 48. gxf5+ Bxf5+ 49. Kb3 g4 50. Nxg4 1/2-1/2

[Event "44th Chess Olympiad Women 2022"]
[Site "Chennai"]
[Date "2022.08.07"]
[Round "9.26"]
[White "Petricenco, Ana"]
[Black "Rodriguez Rueda, Paula Andrea"]
[Result "1-0"]
[WhiteElo "1912"]
[BlackElo "2237"]
[Annotator "RC"]
[PlyCount "65"]
[EventDate "2022.??.??"]
[TimeControl "60"]

1. e4 c5 2. Nf3 d6 3. Bb5+ Nd7 4. c3 Ngf6 5. Qe2 a6 6. Ba4 b5 7. Bc2 Bb7 8. O-O e5 9. d4 Be7 10. d5 O-O 11. b3 c4 12. bxc4 Nc5 13.
Na3 Qa5 14. Bb2 Na4 15. Bxa4 Qxa4 16. Rfe1 bxc4 17. Nxc4 Rab8 18. Ba3 Rbc8 19. Bxd6 Rxc4 20. Bxe7 Rxe4 21. Qb2 Bxd5 22. Rxe4 Bxe4 23. Bxf8 Bxf3 24. gxf3 Kxf8 25. Qb8+ Ne8 26.
Qxe5 f6 27. Qc5+ Kf7 28. Re1 Qd7 29. Qc4+ Kg6 30. Qg4+ Qxg4+ 31. fxg4 Nc7 32. Re7 Nd5 33. Ra7 1-0

[Event "44th Chess Olympiad Women 2022"]
[Site "Chennai"]
[Date "2022.08.07"]
[Round "9.27"]
[White "Monroy G., Nataly A."]
[Black "Nguyen, Thu Giang"]
[Result "0-1"]
[WhiteElo "1907"]
[BlackElo "2119"]
[Annotator "NA"]
[PlyCount "70"]
[EventDate "2022.??.??"]
[TimeControl "60"]

1. d4 Nf6 2. Nf3 e6 3. c4 d5 4. cxd5 exd5 5. Nc3 c6 6. Bg5 Be7 7. e3 Nbd7 8. Bd3 Nf8 9. h3 Ne6 10. Bh4 b6 11. O-O Bb7 12. Rc1 O-O 13.
Qc2 h6 14. a3 c5 15. dxc5 bxc5 16. Rfd1 d4 17. exd4 Bxf3 18.
gxf3 Nxd4 19. Qa4 Nd7 20. Bg3 Nb6 21. Qa6 f5 22. Bc4+ Kh8 23.
Ne2 Nxf3+ 24. Kg2 Nd4 25. Nf4 Rf6 26. b4 Nd5 27. Qb7 Nxf4+ 28. Bxf4 Rg6+ 29. Kf1 Rc8 30. Qxa7 Bg5 31. Qf7 Kh7 32. Be3 Bxe3 33. fxe3 Qh4 34. Bd5 Qxh3+ 35. Ke1 Qxe3+ 0-1

[Event "44th Chess Olympiad Women 2022"]
[Site "Chennai"]
[Date "2022.08.07"]
[Round "9.27"]
[White "Ramirez, Maria Eugenia"]
[Black "Zhang, Jilin"]
[Result "0-1"]
[WhiteElo "2005"]
[BlackElo "2212"]
[Annotator "RC"]
[PlyCount "124"]
[EventDate "2022.??.??"]
[TimeControl "60"]

1. e4 c5 2. Na3 g6 3. c3 Bg7 4. Nf3 Nc6 5. Bb5 Nf6 6. Qe2 O-O 7. O-O d5 8. e5 Ng4 9. Bxc6 bxc6 10. h3 Nh6 11. Rd1 f6 12. d4 cxd4 13. cxd4 fxe5 14. Nxe5 Qb6 15. Qc2 Nf5 16. Qxc6 Qxc6 17. Nxc6 Bb7 18. Na5 Ba6 19. Be3 Rac8 20. Nb3 Bc4 21. Nd2 Be2 22. Re1 Nxd4 23. Bxd4 Bxd4 24. Rxe2 Bxb2 25. Rd1 Bxa3 26. Nf3 Rfd8 27. Nd4 Rd7 28. Kf1 Rc1 29. Rxc1 Bxc1 30. Rc2 Bf4 31. g3 Be5 32. Nb3 Kf7 33. Rd2 e6 34. Ke2 Rc7 35. Kd3 Rc3+ 36. Ke2 Bf6 37. Kd1 Bd8 38. Re2 Bb6 39. Ke1 g5 40. Rb2 h5 41. a4 h4 42. a5 hxg3 43. fxg3 Bc7 44. Nd4 Bxa5 45. Kf1 Bb6 46. Ne2 Rf3+ 47. Ke1 e5 48. h4 gxh4 49. gxh4 Rh3 50. Kf1 Rxh4 51. Nc3 Ke6 52. Kg2 Rg4+ 53. Kh3 Rg8 54. Rb5 d4 55. Ne4 d3 56. Rb3 Rd8 57. Rb2 Be3 58. Rb1 d2 59. Rd1 Rd4 60. Nc5+ Kd5 61. Nb3 Rd3 62. Na1 Bd4+ 0-1

[Event "44th Chess Olympiad Women 2022"]
[Site "Chennai"]
[Date "2022.08.07"]
[Round "9.27"]
[White "Richards, Heather S"]
[Black "Molina, Jessica"]
[Result "1-0"]
[WhiteElo "2146"]
[BlackElo "1889"]
[Annotator "NA"]
[PlyCount "93"]
[EventDate "2022.??.??"]
[TimeControl "60"]

1. d4 Nf6 2. Nc3 d5 3. Bf4 e6 4. Nb5 Na6 5. e3 c6 6. Nc3 Nb8 7. Nf3 Be7 8. Ne5 Nbd7 9. Nd3 b6 10. g4 h6 11. Qf3 Bb7 12. O-O-O a5 13.
h4 Ne4 14. Nxe4 dxe4 15. Qxe4 Bxh4 16. Qg2 Bg5 17. Be2 Bxf4 18. Nxf4 g5 19. Nd3 Qc7 20. Bf3 O-O-O 21. Rh3 e5 22. Qh2 exd4 23. Qxc7+ Kxc7 24. exd4 c5 25. dxc5 bxc5 26. Bxb7 Kxb7 27. c4 Kc7 28. Rf3 f6 29. Rf5 Kc6 30. b3 Rhe8 31. Rd5 Ra8 32. Nb2 Re7 33. Na4 Rh8 34. Rd6+ Kc7 35. Ra6 h5 36. Ra7+ Kc6 37. Nc3 hxg4 38. Nb5 Re6 39. Raxd7 Rhe8 40. Nc7 R8e7 41. Nxe6 Rxe6 42. R7d5 a4 43. bxa4 Re4 44. Rd6+ Kb7 45. Rxf6 Rxc4+ 46. Kb2 Rxa4 47. Rd7+ 1-0

[Event "44th Chess Olympiad Women 2022"]
[Site "Chennai"]
[Date "2022.08.07"]
[Round "9.27"]
[White "Ryjanova, Julia"]
[Black "Cordero, Daniela"]
[Result "1-0"]
[WhiteElo "2284"]
[BlackElo "2005"]
[Annotator "RC"]
[PlyCount "231"]
[EventDate "2022.??.??"]
[TimeControl "60"]

1. d4 e6 2. c4 f5 3. Nf3 Nf6 4. g3 d5 5. Bf4 Be7 6. e3 O-O 7. Be2 b6 8. Nc3 a6 9. Rc1 Bb7 10. Qb3 Nc6 11. cxd5 Na5 12. Qc2 Nxd5 13. O-O Nxf4 14. exf4 Rf6 15. a3 Bd6 16. Rfd1 Qe8 17. b4 Nc4 18. Qa2 b5 19. d5 Nb6 20. dxe6 Qxe6 21. Qxe6+ Rxe6 22. Nd4 Rf6 23. Re1 Kf8 24. Bd3 g6 25. Ne6+ Kf7 26. Ng5+ Kg7 27. Nb1 Nd5 28. Nd2 h6 29. Ne6+ Kf7 30. Nd4 Ne7 31. N2b3 Bd5 32. Nc5 Kg7 33. Nce6+ Bxe6 34. Nxe6+ Kf7 35. Bb1 Rc8 36. Ba2 Ke8 37. Nc5 Bxc5 38. Rxc5 c6 39. Be6 Rc7 40. f3 Kf8 41. Kf2 Ra7 42. Rce5 a5 43. Rd1 axb4 44. axb4 Kg7 45. Rd4 Rf8 46. g4 fxg4 47. fxg4 Rf6 48. Re3 Rc7 49. Kg3 h5 50. h3 hxg4 51. hxg4 c5 52. bxc5 Rxc5 53. Rd7 Kf8 54. Rd8+ Kg7 55. Re8 Nd5 56. Rg8+ Kh7 57. Bxd5 Rxd5 58. Rb8 Kg7 59. g5 Rf7 60. Ree8 Rfd7 61. Rg8+ Kh7 62. Rge8 Kg7 63. Kg4 Kh7 64. Rf8 Kg7 65. Rfe8 Kh7 66. Re6 Rf7 67. Ree8 Rfd7 68. Re3 Kg7 69. Rb3 Rd4 70. R8xb5 Rf7 71. Rf3 Ra4 72. Kg3 Rc4 73. Rb8 Ra4 74. Rf2 Rc4 75. Rb1 Ra4 76. Rh1 Ra3+ 77. Kg4 Ra4 78. Rh4 Rb4 79. Rf3 Ra4 80. Kg3 Rf5 81. Rb3 Rf7 82. f5 Rxh4 83. f6+ Kh7 84. Kxh4 Rc7 85. Rb4 Ra7 86. Kg4 Rc7 87. Kf4 Rc5 88. Rb7+ Kh8 89. Re7 Rf5+ 90. Kg4 Rf1 91. Ra7 Rf2 92. Ra3 Kg8 93. Rf3 Ra2 94. Rf4 Rg2+ 95. Kh4 Ra2 96. Rb4 Rf2 97. Rb7 Kh8 98. Rb5 Kg8 99. Kg3 Rf1 100. Rb8+ Kh7 101. Rb2 Rf5 102. Kg4 Ra5 103. Rh2+ Kg8 104. Rh6 Ra4+ 105. Kf3 Ra3+ 106. Ke4 Ra4+ 107. Kd3 Kf7 108.
Rh7+ Ke6 109. Re7+ Kd6 110. Re8 Rf4 111. Rg8 Ke6 112. Rxg6 Kf7 113. Rg7+ Kf8 114. Ke3 Rg4 115. Kf3 Ra4 116.
Rb7 1-0

[Event "44th Chess Olympiad Women 2022"]
[Site "Chennai"]
[Date "2022.08.07"]
[Round "9.28"]
[White "Acevedo Mendez, Lisseth"]
[Black "Bail, Ellen Larissa"]
[Result "0-1"]
[WhiteElo "1784"]
[BlackElo "1892"]
[Annotator "NA"]
[PlyCount "81"]
[EventDate "2022.??.??"]
[TimeControl "60"]

1. d4 d5 2. Bf4 Nf6 3. Nf3 e6 4. e3 Bd6 5. Bg3 O-O 6. Bd3 c5 7. c3 Qc7 8. Nbd2 Nbd7 9. Bxd6 Qxd6 10. O-O e5 11. dxe5 Nxe5 12. Nxe5 Qxe5 13. Nf3 Qc7 14. Rc1 c4 15. Be2 b5 16. Nd4 Qb6 17. a3 Rd8 18.
Bf3 a5 19. b3 Ra7 20. Rb1 Ba6 21. Qc2 Rc7 22. b4 a4 23. Qf5 Bc8 24. Qf4 Re7 25. h3 Ne8 26. Rbd1 Nc7 27. Qg5 Kf8 28. Rd2 Ne6 29. Qh4 Nxd4 30. Rxd4 Re5 31. Qxh7 Rg5 32. Qh8+ Ke7 33. Qh4 Qg6 34. Rxd5 Rdxd5 35. Bxd5 Qf6 36. Rd1 Rxg2+ 37. Bxg2 Qxh4 38. Rd4 Qf6 39. Re4+ Be6 40. Rd4 Qg6 41. Rf4 0-1

[Event "44th Chess Olympiad Women 2022"]
[Site "Chennai"]
[Date "2022.08.07"]
[Round "9.28"]
[White "Alboredo, Julia"]
[Black "Ptacnikova, Lenka"]
[Result "1-0"]
[WhiteElo "2264"]
[BlackElo "2066"]
[Annotator "RC"]
[PlyCount "65"]
[EventDate "2022.??.??"]
[TimeControl "60"]

1. e4 c5 2. Nf3 e6 3. d4 cxd4 4. Nxd4 Nc6 5. Nc3 Qc7 6. Be3 a6 7. a3 Nf6 8. f4 d6 9. Qf3 Bd7 10. O-O-O Be7 11. g4 Nxd4 12. Bxd4 e5 13. fxe5 dxe5 14. Qg3 Bd6 15. Bf2 Rc8 16. Qd3 Nxg4 17. Bg3 Bc5 18. Nd5 Qc6 19. Bh3 Qh6+ 20. Bf4 Qc6 21. Bxg4 Bxg4 22. Bxe5 f6 23. Qg3 Bd6 24. Rd2 Bxe5 25. Qxg4 g6 26. Rhd1 Rf8 27. Nb4 f5 28. Nxc6 Bxb2+ 29. Kxb2 fxg4 30. Rd8+ Kf7 31. Rf1+ Kg7 32. Rfxf8 Rxc6 33. e5 1-0

[Event "44th Chess Olympiad Women 2022"]
[Site "Chennai"]
[Date "2022.08.07"]
[Round "9.28"]
[White "Gazola, Vanessa Ramos"]
[Black "Thorsteinsdottir, Hallgerdur"]
[Result "1-0"]
[WhiteElo "2000"]
[BlackElo "1934"]
[Annotator "NA RC"]
[PlyCount "55"]
[EventDate "2022.??.??"]
[TimeControl "60"]

1. d4 Nf6 2. c4 e6 3. Nf3 b6 4. a3 Bb7 5. Nc3 d5 6. cxd5 Nxd5 7. e3 Be7 8.
Bb5+ c6 9. Bd3 Nxc3 10. bxc3 O-O 11. O-O c5 12. Qe2 Nc6 13. Bb2 Rc8 14. Rad1 Qc7 15. Rfe1 Rfd8 16. e4 Na5 17. d5 c4 18. Bb1 exd5 19. exd5 Bf6 20. d6 Qc6 21. d7 Rb8 22. Bc1 g5 23.
Qc2 Rxd7 24. Qxh7+ Kf8 25. Rxd7 Qxd7 26. Bxg5 Bg7 27. Be7+ Qxe7 28. Rxe7 1-0

[Event "44th Chess Olympiad Women 2022"]
[Site "Chennai"]
[Date "2022.08.07"]
[Round "9.28"]
[White "Johannsdottir, Johanna Bjorg"]
[Black "Librelato, Kathie Goulart"]
[Result "0-1"]
[WhiteElo "1976"]
[BlackElo "2255"]
[Annotator "RC"]
[PlyCount "74"]
[EventDate "2022.??.??"]
[TimeControl "60"]

1. e4 e5 2. Nf3 Nc6 3. Bc4 Nf6 4. Ng5 d5 5. exd5 Na5 6.
Bb5+ c6 7. dxc6 bxc6 8. Bd3 Nd5 9. Nf3 Bd6 10. O-O O-O 11.
Re1 f5 12. Bf1 e4 13. Nd4 Qh4 14. g3 Qf6 15. c3 f4 16. Rxe4 fxg3 17. f3 Qh6 18. h4 Nf4 19. d3 Qxh4 20. Qc2 Bh3 21. Bxf4 Bxf4 22. Bxh3 Qxh3 23. Na3 Rf6 24. Qg2 Qh6 25. Rae1 Nb7 26. Ne6 Nd6 27. Rxf4 Rxe6 28. Rxe6 Qxf4 29. Qe2 Rf8 30. Nc2 Nf5 31. Re8 Qh6 32. Rxf8+ Kxf8 33. Nb4 Nh4 34. Nc2 Qc1+ 35. Ne1 Qxe1+ 36. Qxe1 Nxf3+ 37. Kf1 g2+ 0-1

[Event "44th Chess Olympiad Women 2022"]
[Site "Chennai"]
[Date "2022.08.07"]
[Round "9.29"]
[White "Antonio, Renelsa Taiane"]
[Black "Hapala, Elisabeth"]
[Result "0-1"]
[WhiteElo "1471"]
[BlackElo "2113"]
[Annotator "NA"]
[PlyCount "96"]
[EventDate "2022.??.??"]
[TimeControl "60"]

1. e4 c5 2. Nc3 e6 3. Nf3 a6 4. a4 Qc7 5. Be2 Nc6 6. d3 g6 7. Be3 d6 8. d4 cxd4 9. Nxd4 Bg7 10. Nxc6 bxc6 11. a5 Nf6 12. Bb6 Qe7 13. f4 Bb7 14. O-O c5 15. Bf3 O-O 16. Qd2 Ne8 17. Na4 e5 18. f5 Bf6 19. g4 Bg5 20.
Qf2 Kh8 21. Rad1 Rg8 22. Kh1 gxf5 23. gxf5 Bf4 24. Rg1 Nf6 25. Nc3 Rg5 26. Rxg5 Bxg5 27. Rg1 Rg8 28. h4 Bf4 29. Rxg8+ Kxg8 30. Qg2+ Kh8 31. Ne2 Nxe4 32. Nxf4 exf4 33. Kg1 Qxh4 34. c3 Qe1+ 35. Kh2 Qh4+ 36. Kg1 d5 37. c4 Qe1+ 38. Kh2 Qh4+ 39. Kg1 dxc4 40. Bxc5 Qe1+ 41. Kh2 Qg3+ 42. Kg1 Nxc5 43. Qxg3 fxg3 44. Bd1 Kg7 45. Bc2 Kf6 46. Bb1 h5 47. Bc2 h4 48. Bd1 h3 0-1

[Event "44th Chess Olympiad Women 2022"]
[Site "Chennai"]
[Date "2022.08.07"]
[Round "9.29"]
[White "Junior, Ednasia"]
[Black "Polterauer, Chiara"]
[Result "0-1"]
[WhiteElo "1849"]
[BlackElo "2183"]
[Annotator "RC"]
[PlyCount "76"]
[EventDate "2022.??.??"]
[TimeControl "60"]

1. e4 e5 2. Nf3 Nc6 3. Bc4 Bc5 4. c3 Nf6 5. d3 a6 6. a4 d6 7. Bb3 Ba7 8. h3 h6 9. Qe2 Be6 10. Bc2 Ne7 11. d4 Ng6 12. O-O Nh7 13.
Be3 O-O 14. Nbd2 Qf6 15. Kh2 Nf4 16. Bxf4 Qxf4+ 17. g3 Qf6 18. d5 Bd7 19. Nh4 c6 20. dxc6 bxc6 21. f4 Rab8 22. Rab1 exf4 23. Rxf4 Qe6 24. Nf5 Kh8 25. Rh4 d5 26. Qg4 Qg6 27. Qe2 Rfe8 28. Qxa6 dxe4 29. Qxa7 Bxf5 30. Nxe4 Rbd8 31. Qe3 Nf6 32. Re1 Re7 33. Qc5 Rxe4 34. Bxe4 Nxe4 35. Rhxe4 Bxe4 36. Re2 Bf3 37. Rf2 Qe4 38. a5 Rd1 0-1

[Event "44th Chess Olympiad Women 2022"]
[Site "Chennai"]
[Date "2022.08.07"]
[Round "9.29"]
[White "Mayrhuber, Nikola"]
[Black "Paulo, Jemima"]
[Result "1-0"]
[WhiteElo "2141"]
[BlackElo "1850"]
[Annotator "NA COMBH"]
[PlyCount "83"]
[EventDate "2022.??.??"]
[TimeControl "60"]

1. d4 Nf6 2. c4 g6 3. Nc3 Bg7 4. e4 d6 5. f4 O-O 6. Nf3 c5 7. d5 e6 8. dxe6 fxe6 9. Bd3 Nc6 10. O-O Nd4 11. Nxd4 cxd4 12. Nb5 e5 13. fxe5 dxe5 14. c5 Be6 15. Qc2 Qd7 16. Nd6 b6 17. b4 a5 18. Nc4 bxc5 19. Nb6 Qc6 20.
Nxa8 c4 21. bxa5 Rxa8 22. Bg5 Nd7 23. Rfc1 Rc8 24. Rab1 Qc5 25. Qa4 Qc7 26. Bxc4 Bxc4 27. Rb4 Qa7 28. Rbxc4 d3+ 29. Kh1 Rf8 30. Rc8 h6 31. Rxf8+ Nxf8 32. Bd2 Kh7 33. Qb5 Qd4 34. Qc4 Qf2 35. Qxd3 Ne6 36. Rf1 Qa7 37. h3 Nc5 38. Qc4 Nd7 39. Rf7 Qb7 40. Kh2 Nb6 41. axb6 Qxb6 42. Qc7 1-0

[Event "44th Chess Olympiad Women 2022"]
[Site "Chennai"]
[Date "2022.08.07"]
[Round "9.29"]
[White "Newrkla, Katharina"]
[Black "Caxita, Esperanca"]
[Result "1-0"]
[WhiteElo "2265"]
[BlackElo "1955"]
[Annotator "NA RC"]
[PlyCount "43"]
[EventDate "2022.??.??"]
[TimeControl "60"]

1. e4 d5 2. exd5 Qxd5 3. Nc3 Qd6 4. d4 Nf6 5. Nf3 a6 6. g3 Bg4 7. h3 Bh5 8. Bg2 Nc6 9. Bf4 Qb4 10. O-O Qxb2 11. Qd2 Qb6 12. Rab1 Qa7 13. Ne5 Nd8 14. g4 Bg6 15. g5 Nd7 16. Nd5 Rc8 17. Nxg6 fxg6 18. Nxc7+ Kf7 19. Bd5+ e6 20. Nxe6 Nc6 21. Nc7+ Ke7 22. Qe3+ 1-0

[Event "44th Chess Olympiad Women 2022"]
[Site "Chennai"]
[Date "2022.08.07"]
[Round "9.30"]
[White "Antonova, Nadezhda"]
[Black "Guindy, Esmat Susanne"]
[Result "1-0"]
[WhiteElo "1832"]
[BlackElo "2097"]
[Annotator "NA RC"]
[PlyCount "57"]
[EventDate "2022.??.??"]
[TimeControl "60"]

1. Nf3 d5 2. b3 c5 3. e3 Nf6 4. Bb2 e6 5. Bb5+ Bd7 6. Qe2 Bd6 7. Ne5 a6 8.
Bxd7+ Nbxd7 9. f4 Qc7 10. Nxd7 Qxd7 11. d3 Qc7 12. O-O O-O-O 13. Nd2 e5 14. e4 dxe4 15. dxe4 exf4 16. e5 Rhe8 17. Nc4 Bf8 18. Rxf4 Nd5 19. Qg4+ Re6 20. Rf3 b5 21. Raf1 bxc4 22. Rxf7 Qc6 23. Rxf8 Rxf8 24. Rxf8+ Kb7 25. Qxg7+ Kb6 26.
bxc4 Ne7 27. Rf6 Kc7 28. Qf7 Kd7 29. h3 1-0

[Event "44th Chess Olympiad Women 2022"]
[Site "Chennai"]
[Date "2022.08.07"]
[Round "9.30"]
[White "Fredericia, Louise"]
[Black "Hotami, Mutriba"]
[Result "1-0"]
[WhiteElo "1990"]
[BlackElo "1846"]
[Annotator "NA"]
[PlyCount "67"]
[EventDate "2022.??.??"]
[TimeControl "60"]

1. f4 d5 2. b3 Nf6 3. Bb2 e6 4. Nf3 c5 5. e3 Nc6 6. Bb5 Be7 7. Bxc6+ bxc6 8.
Ne5 Qc7 9. d3 a5 10. a4 Ba6 11. Nd2 O-O 12. O-O Nd7 13. Qg4 f5 14. Qh3 Nxe5 15. Bxe5 Qd7 16. Nf3 Bf6 17. Rad1 Rad8 18. Qg3 Kh8 19. Qe1 Ra8 20. Rf2 Bc8 21. Qc3 Qe7 22. d4 cxd4 23. exd4 Bd7 24. Re2 Rfc8 25. Bxf6 gxf6 26. Nh4 Qf7 27. Rd3 Rg8 28. Rh3 Rg4 29. Qc5 Rag8 30. Qd6 Qh5 31. Qxd7 Rxh4 32. Rxh4 Qxh4 33. Qxe6 h5 34. Qxf5 1-0

[Event "44th Chess Olympiad Women 2022"]
[Site "Chennai"]
[Date "2022.08.07"]
[Round "9.30"]
[White "Kakulidis, Ellen"]
[Black "Abrorova, Sabrina"]
[Result "1/2-1/2"]
[WhiteElo "2057"]
[BlackElo "1799"]
[Annotator "NA RC"]
[PlyCount "123"]
[EventDate "2022.??.??"]
[TimeControl "60"]

1. d4 Nf6 2. Nf3 g6 3. g3 Bg7 4. Bg2 O-O 5. O-O d6 6. Re1 Nbd7 7. e4 e5 8. Nc3 exd4 9. Nxd4 Re8 10. h3 Nc5 11. a4 c6 12. g4 a5 13. Bf4 Qb6 14. Be3 Nfd7 15. Nb3 Qc7 16. Nxc5 Nxc5 17. Bd4 Be5 18. Qd2 Ne6 19. Be3 Bg7 20. Rad1 Bf8 21. f4 Nc5 22. Qf2 Qb6 23. b3 Qb4 24. Bd4 Ne6 25.
Bf6 Qc5 26. Re3 Bg7 27. Bxg7 Kxg7 28. Ne2 b5 29. f5 Nc7 30. Rc3 Qxf2+ 31. Kxf2 bxa4 32. bxa4 Na6 33. Rxd6 Nb4 34. Rc5 Bb7 35. c3 Na6 36. Rxa5 Red8 37. Rxd8 Rxd8 38. e5 gxf5 39. gxf5 Kh6 40. Bxc6 Bc8 41. Be4 Nc7 42. Nd4 Kg5 43. Nf3+ Kf4 44. Bc2 Bxf5 45. Bxf5 Kxf5 46. Ra7 Rc8 47. Rb7 Nd5 48. Rxf7+ Ke6 49. Rxh7 Rxc3 50. Rh6+ Kf5 51. Rh5+ Kf4 52. Rh4+ Kf5 53. Rd4 Nf4 54. h4 Rc2+ 55. Rd2 Rc4 56. a5 Ra4 57. Nd4+ Kxe5 58. Nc6+ Ke4 59. a6 Rxa6 60. Rd4+ Kf5 61. Rc4 Ra2+ 62. Ke1 1/2-1/2

[Event "44th Chess Olympiad Women 2022"]
[Site "Chennai"]
[Date "2022.08.07"]
[Round "9.30"]
[White "Saidova, Rukhshona"]
[Black "Steffensen, Elena"]
[Result "0-1"]
[WhiteElo "1624"]
[BlackElo "2044"]
[Annotator "NA RC"]
[PlyCount "72"]
[EventDate "2022.??.??"]
[TimeControl "60"]

1. e4 g6 2. d4 Bg7 3. Nf3 c6 4. c4 d6 5. Nc3 e5 6. d5 Ne7 7. Bd3 O-O 8. h4 Bg4 9. Qb3 Na6 10. Nh2 Bd7 11. g4 Nc5 12. Qc2 b5 13. Be3 Nxd3+ 14. Qxd3 bxc4 15. Qxc4 cxd5 16. Nxd5 Rc8 17. Nxe7+ Qxe7 18. Bg5 Rxc4 19. Bxe7 Rxe4+ 20. Kf1 Rc8 21. Kg2 d5 22. Rac1 Rec4 23. Rxc4 Rxc4 24. b3 Rc2 25. Rd1 d4 26. Nf1 Bxg4 27. Re1 f6 28. Kg3 h5 29. f3 Be6 30. f4 Bd5 31. Rd1 Kf7 32. Bb4 Bh6 33. fxe5 fxe5 34. Bd2 Bf8 35. Rc1 Rxa2 36. Rc7+ Ke6 0-1

[Event "44th Chess Olympiad Women 2022"]
[Site "Chennai"]
[Date "2022.08.07"]
[Round "9.31"]
[White "Ayzenberg, Alena"]
[Black "Ning, Isabelle Yixuan"]
[Result "1-0"]
[WhiteElo "2023"]
[BlackElo "1853"]
[Annotator "NA RC"]
[PlyCount "143"]
[EventDate "2022.??.??"]
[TimeControl "60"]

1. d4 Nf6 2. c4 g6 3. Nc3 Bg7 4. e4 d6 5. Nf3 O-O 6. Be2 Nbd7 7. O-O e5 8. d5 Nc5 9. Qc2 a5 10. Be3 Nfd7 11. Bg5 f6 12. Bh4 Qe8 13. Nb5 Na6 14. Rfe1 f5 15. exf5 gxf5 16. Ng5 Nf6 17. c5 h6 18. Ne6 Bxe6 19. dxe6 Qxe6 20. cxd6 cxd6 21. Nd4 Qd7 22. Nxf5 Nb4 23. Qb3+ Kh8 24. Nxg7 Qxg7 25. Rac1 Nfd5 26. a3 Nf4 27. Bg3 Nc6 28. Bxf4 exf4 29. Bf3 Ne5 30. Qd5 Rg8 31. Qxb7 Nxf3+ 32. Qxf3 Rab8 33. Rc4 Rb3 34. Qd5 Rb5 35. Qf3 Rxb2 36. Rxf4 Rb3 37. Qd5 Rb5 38. Qf3 Rb3 39. Qe4 Rb5 40. g3 Re5 41. Qb1 Qg5 42. Rf7 Qg6 43. Rb7 Rxe1+ 44. Qxe1 Re8 45. Qc3+ Kg8 46. Qc4+ Kh8 47. Qc3+ Kg8 48. Qb3+ Kh8 49. Qb1 Qxb1+ 50. Rxb1 Re4 51. Rd1 Ra4 52. Rxd6 Rxa3 53. Rxh6+ Kg7 54. Ra6 a4 55. Kg2 Ra1 56. h4 a3 57. h5 a2 58. g4 Kh7 59. g5 Kg7 60. Ra7+ Kh8 61. h6 Rb1 62. Rxa2 Kh7 63. Ra7+ Kg8 64. g6 Rb8 65. Kg3 Rb3+ 66. Kg4 Rb4+ 67. f4 Rb8 68. Kg5 Kh8 69. f5 Rc8 70. h7 Rb8 71. Kh6 Rb7 72. Ra8+ 1-0